 Dungeon Crawl Stone Soup version 0.29-a0-824-gd827844252 (webtiles) character file.

Game seed: 1502982365751798387

1957 fuddud the Changer (level 8, -3/63 HPs)
             Began as a Purple Draconian Transmuter on July 9, 2022.
             Was a Believer of Sif Muna.
             Slain by a killer bee (8 damage)
             ... on level 9 of the Dungeon.
             The game lasted 01:44:46 (7416 turns).

fuddud the Changer (Purple Draconian Transmuter)    Turns: 7416, Time: 01:44:48

Health: -3/63      AC: 10    Str: 12    XL:     8   Next: 99%
Magic:  11/11      EV: 12    Int: 15    God:    Sif Muna [**....]
Gold:   385        SH:  0    Dex: 19    Spells: 0/11 levels left

rFire   . . .      SeeInvis .   v - +1 whip (venom)
rCold   . . .      Faith    .   (no shield)
rNeg    . . .      Spirit   .   (body armour unavailable)
rPois   .          Reflect  .   (helmet restricted)
rElec   .          Harm     .   i - scarf {repulsion}
rCorr   .          Rampage  .   (no gloves)
Will    +....                   (no boots)
Stlth   ++........              (no amulet)
HPRegen 0.20/turn               f - +4 ring of protection
MPRegen 0.12/turn               C - +6 ring of dexterity

@: lethally poisoned (-3 -> -23), repel missiles
A: breathe power, AC +6, unfitting armour, cold-blooded
a: Breathe Dispelling Energy, Renounce Religion, Channel Magic


You were on level 9 of the Dungeon.
You worshipped Sif Muna.
Sif Muna was pleased with you.
You visited 1 branch of the dungeon, and saw 8 of its levels.

You collected 385 gold pieces.

Inventory:

Hand Weapons
 v - a +1 whip of venom (weapon)
Missiles
 j - a throwing net
 B - 9 poisoned darts
Armour
 i - a scarf of repulsion (worn)
Jewellery
 f - a +4 ring of protection (left hand)
 l - a ring of flight
 o - a +6 ring of strength
 C - a +6 ring of dexterity (right hand)
 E - a ring of ice
Wands
 b - a wand of digging (5)
 x - a wand of paralysis (7)
 H - a wand of iceblast (8)
 I - a wand of flame (37)
Scrolls
 d - 5 scrolls of poison
 g - a scroll of silence
 m - 2 scrolls of brand weapon {unknown}
 n - a scroll of immolation {unknown}
 p - 2 scrolls of enchant armour
 q - 2 scrolls of noise {unknown}
 s - a scroll of fear {unknown}
 t - a scroll of enchant weapon {unknown}
 u - a scroll of vulnerability
 y - a scroll of fog {unknown}
 D - 3 scrolls of torment {unknown}
 G - 2 scrolls of teleportation {unknown}
 J - 3 scrolls of identify
Potions
 a - a potion of lignification
 c - 3 potions of might
 e - a potion of resistance
 k - 2 potions of degeneration {unknown}
 r - 3 potions of brilliance
 w - a potion of attraction {unknown}
 z - a potion of haste {unknown}
 A - a potion of curing {unknown}
 F - 2 potions of mutation {unknown}


   Skills:
 - Level 3.0 Fighting
 - Level 1.7 Dodging
 + Level 6.0 Unarmed Combat
 - Level 2.4 Spellcasting
 + Level 1.5 Conjurations
 * Level 7.4 Transmutations
 * Level 6.7 Ice Magic


You couldn't memorise any spells.
You knew the following spells:

 Your Spells              Type           Power      Damage    Failure   Level
a - Beastly Appendage     Tmut           48%        N/A       1%          1
b - Wereblood             Tmut           24%        N/A       1%          2
c - Ice Form              Ice/Tmut       23%        N/A       12%         4
d - Hailstorm             Conj/Ice       14%        3d5       36%         4

Your spell library contained the following spells:

 Spells                   Type           Power      Damage    Failure   Level
 Freeze                   Ice            84%        1d10      1%          1
 Frozen Ramparts          Ice            42%        1d6       4%          3
 Passwall                 Tmut/Erth      10%        N/A       7%          2
 Spider Form              Tmut/Pois      13%        N/A       14%         3
 Shock                    Conj/Air       16%        1d4       16%         1
 Sandblast                Erth           2%         2d4       22%         1
 Summon Small Mammal      Summ           4%         N/A       22%         1
 Stone Arrow              Conj/Erth      8%         3d7       43%         3
 Call Canine Familiar     Summ           1%         N/A       54%         3
 Portal Projectile        Hex/Tloc       2%         N/A       54%         3
 Summon Guardian Golem    Hex/Summ       1%         N/A       54%         3
 Swiftness                Air            1%         N/A       54%         3
 Tukima's Dance           Hex            1%         N/A       54%         3
 Yara's Violent Unravell  Hex/Tmut       6%         3d5       77%         5
 Airstrike                Air            0%         0-2+      91%         4
 Leda's Liquefaction      Hex/Erth       0%         N/A       91%         4
 Passage of Golubria      Tloc           1%         N/A       91%         4
 Simulacrum               Ice/Necr       5%         N/A       100%        6


Dungeon Overview and Level Annotations

Branches:
Dungeon (9/15)             Temple (0/1) D:4
   Lair: D:8-11         Orc: D:9-12

Altars:
Cheibriados
Fedhas
Gozag
Hepliaklqana
Kikubaaqudgha
Nemelex Xobeh
Okawaru
Sif Muna
Wu Jian
Xom

Shops:
D:9 (

Annotations:
D:2 1 runed translucent door, Crazy Yiuf
D:6 2 transporters, bande's ghost, novice GrFi


Innate Abilities, Weirdness & Mutations

You can breathe bolts of dispelling energy.
Your rich purple scales are hard. (AC +6)
You cannot fit into any form of body armour.
You are cold-blooded and may be slowed by cold attacks.


Message History

The killer bee poisons you! The killer bee stings you.
You are more poisoned.
The killer bee poisons you! The killer bee completely misses you.
You feel very sick.
You feel very sick.
The killer bee stings you but does no damage.
You feel very sick. The killer bee stings you.
* * * LOW HITPOINT WARNING * * *
The killer bee misses you.
You feel much better.
You feel very sick.
The killer bee stings you but does no damage. x2
The killer bee stings you.
The killer bee stings you but does no damage.
The killer bee stings you. The killer bee misses you.
The killer bee attacks as you move away!
The killer bee stings you.
You feel sick. The killer bee stings you.
* * * LOW HITPOINT WARNING * * *
You are more poisoned.
The killer bee poisons you! The killer bee completely misses you.
The killer bee stings you!
* * * LOW HITPOINT WARNING * * *
The killer bee stings you but does no damage.
There is a stone staircase leading up, spattered with blood here.
As you read the scroll of identify, it crumbles to dust.
r - 3 potions of brilliance
* * * LOW HITPOINT WARNING * * *
You feel very sick.
The killer bee barely misses you. x2; The killer bee misses you.
The killer bee stings you but does no damage. x2
The killer bee barely misses you.
You can't go down here!
* * * LOW HITPOINT WARNING * * *
You feel sick. The killer bee stings you.
* * * LOW HITPOINT WARNING * * *
You are more poisoned.
The killer bee poisons you! The killer bee barely misses you.
The killer bee closely misses you. The killer bee stings you!
You die...

........##.#.####.. .##..#######.
........##y.......#..##.........#
.......g'.g..####.#..............
####...######..<.#..)[. ##.....
+...'g.z............. +..g...
#...######(#......... #......
#.###......g#..........#.)....
#.# .##...zyyy.#......#...... ..#
.##.#..g@......# #....... §≈.
.##....z.......# #..##### §≈
.#######.#.##..# #..# .#
..#.....# #..# ..#####.# #..#
...# #..# ##.# #..# ..# #..# #o.#


You could see a gnoll sergeant, 3 killer bees, 2 wights and a gnoll.

Vanquished Creatures
  Maggie (D:6)
  A steam dragon (D:7)
  A water moccasin (D:5)
  Menkaure (D:6)
  2 ogres
  A necrophage (D:6)
  5 wights (D:6)
  A howler monkey (D:5)
  A jelly (D:5)
  5 orc priests
  A gnoll bouda (D:7)
  2 hounds (D:4)
  5 iguanas
  3 orc wizards
  12 gnolls
  6 adders
  A shadow imp (D:4)
  2 white imps
  2 worms
  6 dart slugs
  24 orcs
  5 bats
  7 endoplasms
  5 giant cockroaches
  7 goblins
  5 hobgoblins
  6 kobolds
  A quokka (D:2)
  4 ball pythons
  3 frilled lizards
  4 rats
130 creatures vanquished.

Vanquished Creatures (others)
  A plant (D:3)
1 creature vanquished.

Grand Total: 131 creatures vanquished

Notes
Turn   | Place    | Note
-------+----------+-------------------------------------------
     0 | D:1      | fuddud the Draconian Transmuter began the quest for the
                  | Orb.
     0 | D:1      | Reached XP level 1. HP: 16/16 MP: 3/3
   250 | D:1      | Reached XP level 2. HP: 23/23 MP: 3/5
   253 | D:1      | Learned a level 2 spell: Wereblood
  1139 | D:2      | Reached XP level 3. HP: 29/29 MP: 4/6
  1772 | D:2      | Found a runed translucent door.
  1773 | D:2      | Noticed Crazy Yiuf
  1777 | D:2      | Identified a scroll of acquirement
  1784 | D:2      | Acquired a scarf of repulsion
  2332 | D:3      | Reached XP level 4. HP: 36/36 MP: 5/7
  2355 | D:3      | Learned a level 4 spell: Ice Form
  2601 | D:3      | Reached skill level 3 in Transmutations
  2724 | D:3      | Found an opulent altar of Gozag.
  2725 | D:3      | Found an ancient bone altar of Kikubaaqudgha.
  2726 | D:3      | Found a sparkling altar of Nemelex Xobeh.
  2727 | D:3      | Found an iron altar of Okawaru.
  2727 | D:3      | Found a snail-covered altar of Cheibriados.
  2727 | D:3      | Found a blossoming altar of Fedhas.
  2728 | D:3      | Found a hazy altar of Hepliaklqana.
  2729 | D:3      | Found a shimmering blue altar of Sif Muna.
  2729 | D:3      | Found a shimmering altar of Xom.
  2730 | D:3      | Found an ornate altar of the Wu Jian Council.
  2755 | D:3      | Became a worshipper of Sif Muna the Loreminder
  3156 | D:4      | Reached skill level 1 in Ice Magic
  3164 | D:4      | Reached XP level 5. HP: 43/44 MP: 4/8
  3232 | D:4      | Reached skill level 4 in Transmutations
  3399 | D:4      | Reached XP level 6. HP: 49/51 MP: 9/9
  3619 | D:4      | Reached * piety under Sif Muna
  3761 | D:4      | Found a staircase to the Ecumenical Temple.
  4222 | D:5      | Entered Level 5 of the Dungeon
  4437 | D:5      | Your scales start taking on a rich purple colour.
  4437 | D:5      | Reached XP level 7. HP: 47/57 MP: 10/10
  4566 | D:5      | Reached skill level 5 in Transmutations
  5098 | D:5      | Reached skill level 5 in Unarmed Combat
  5503 | D:6      | Noticed a shadow
  5505 | D:6      | Found a transporter.
  5506 | D:6      | Noticed a vampire
  5558 | D:6      | Reached skill level 5 in Ice Magic
  5558 | D:6      | Reached XP level 8. HP: 43/61 MP: 7/11
  5700 | D:6      | Reached skill level 6 in Transmutations
  5821 | D:6      | Found a transporter.
  5826 | D:6      | Noticed bande's ghost (novice GrFi)
  5913 | D:6      | Noticed Maggie
  5924 | D:6      | Killed Maggie
  6058 | D:6      | Reached ** piety under Sif Muna
  6343 | D:6      | Learned a level 4 spell: Hailstorm
  6580 | D:6      | Reached skill level 7 in Transmutations
  7019 | D:7      | Noticed Menkaure
  7028 | D:6      | Killed Menkaure
  7039 | D:7      | Reached skill level 1 in Conjurations
  7337 | D:7      | You fall into a shaft and drop 2 floors!
  7356 | D:9      | Found Plog's Antique Weapon Shoppe.
  7416 | D:9      | Slain by a killer bee

Illustrated notes

Levels and vault maps discovered:
D:1:      ncdulo_smallfort, layout_basic, serial_forest,
          infiniplex_forest_corner_2, infiniplex_forest_side_room,
          infiniplex_forest_lined_3, infiniplex_forest_lined_2,
          infiniplex_forest_lined_1, infiniplex_forest_end_2,
          infiniplex_forest_lined_room_2, minmay_misc_feat_room, fountainhead,
          minmay_misc_feat_x
D:2:      layout_rooms, uniq_crazy_yiuf_cottage
D:3:      layout_loops_cross, nicolae_overflows_in_rows, corexii_hall_statues_l,
          kennysheep_path_1, wad_woods_river_04, kennysheep_generic_room_2
D:4:      layout_loops_ring, minmay_temple_entry_mini_moons
D:5:      layout_loops_ring
D:6:      layout_loops_corners, gammafunk_ghost_arena, nicolae_hexahallways,
          uniq_maggie
D:7:      layout_layer_cave, serial_glass, glass_columns_a, glass_columns_c,
          glass_columns_b, glass_columns_c, glass_columns_a, glass_columns_c,
          glass_columns_a, glass_columns_a, glass_columns_a, glass_columns_b,
          feat_on_display, minmay_strange_pillars, minmay_strange_pillars,
          uniq_joseph, uniq_menkaure, uniq_duvessa
D:9:      layout_basic, nicolae_take_the_stairs, minivault_8

Skill      XL: |  1  2  3  4  5  6  7  8 |
---------------+-------------------------+-----
Fighting       | 2 3 |  3.0
Transmutations | 3 4 5 7 |  7.4
Ice Magic      | 1 2 3 5 6 |  6.7
Unarmed Combat | 4 5 6 |  6.0
Conjurations   | 1 |  1.5
Dodging        | |  1.7
Spellcasting   | |  2.4

Action                   |  1- 3 |  4- 6 |  7- 9 || total
-------------------------+-------+-------+-------++-------
Melee: Unarmed           |   106 |    51 |    79 ||   236
       Kick              |    18 |    29 |    24 ||    71
       Headbutt          |    12 |    16 |    11 ||    39
       Tailslap          |    11 |    21 |    12 ||    44
       Punch             |       |     5 |     2 ||     7
       Whip              |       |    75 |    68 ||   143
 Cast: Beastly Appendage |    28 |    21 |    11 ||    60
       Wereblood         |     6 |     4 |     6 ||    16
       Ice Form          |       |       |    10 ||    10
 Abil: Breathe Dispellin |       |       |     1 ||     1
  Use: Scroll            |     7 |     1 |     4 ||    12
       Potion            |       |       |     3 ||     3
 Stab: Sleeping          |       |     1 |       ||     1
Armor: Skin              |    38 |    40 |    62 ||   140
Dodge: Dodged            |    62 |    65 |   101 ||   228
       Repelled          |       |     1 |       ||     1

Table legend: (Time is in decaauts)
 A = Elapsed time spent in this place.
 B = Non-inter-level travel time spent in this place.
 C = Inter-level travel time spent in this place.
 D = Time resting spent in this place.
 E = Time spent auto-exploring this place.
 F = Levels seen in this place.
 G = Mean time per level.
                   A        B        C        D        E       F      G
               +--------+--------+--------+--------+--------+-----+--------+
         Total |   7427 |   6695 |    732 |   1240 |   4376 |   8 |  928.4 |
       Dungeon |   7427 |   6695 |    732 |   1240 |   4376 |   8 |  928.4 |
               +--------+--------+--------+--------+--------+-----+--------+

Top non-repeatable levels by time:
     D:6: 1649 daAuts
     D:5: 1154 daAuts
     D:4: 1149 daAuts
     D:1: 1129 daAuts
     D:3: 1090 daAuts
     D:2: 865 daAuts
     D:7: 308 daAuts
     D:9: 78 daAuts
